Cogmind - Beta 10 @@@ ROGUE MODE // 2020.09.16 @ 05:30:49 Player: IAMCRAIG Result: Destroyed by D-53 Grenadier with Mini Grenade Launcher Performance ------------- Evolutions (0) 0 Regions Visited (2) 400 Robots Destroyed (30) 150 Value Destroyed (530) 530 Prototype IDs (0) 0 Alien Tech Used (0) 0 Bonus (0) 0 TOTAL SCORE: 1080 Bonus ------- None Cogmind --------- Core Integrity 0/250 Matter 290/300 Energy 85/100 System Corruption 0% Temperature Cool (0) Movement Treading (180) Ox1 Location -10/Mines Parts ------- > --- POWER (1) -------- (None) > --- PROPULSION (2) --- Light Treads Compact Wheel > --- UTILITY (2) ------ Large Storage Unit Large Storage Unit > --- WEAPON (2) ------- (None) > --- INVENTORY (16) --- Light Treads Improved Heat Sink Large Storage Unit Large Battery (300) High-capacity Matter Pod (200) Terrain Scanner Targeting Computer Targeting Computer Core Shielding Medium Laser Medium Laser Datajack Mining Claw Peak State ------------ > --- POWER ------------ Light Nuclear Core > --- PROPULSION ------- Light Treads Compact Wheel > --- UTILITY ---------- Large Storage Unit Large Storage Unit > --- WEAPON ----------- Heavy EM Pulse Gun Heavy EM Pulse Gun > --- INVENTORY -------- Ion Engine Light Treads Light Treads Compact Wheel Heat Sink Large Storage Unit Large Battery High-capacity Matter Pod Terrain Scanner Targeting Computer Targeting Computer Core Shielding Medium Laser Medium Laser Light Cannon Datajack [Rating: 12] Favorites ----------- Power Ion Engine Engine Ion Engine Power Core Light Nuclear Core Propulsion Light Treads Treads Light Treads Wheel Compact Wheel Utility Large Storage Unit Storage Large Storage Unit Weapon Light Assault Rifle Energy Gun Heavy EM Pulse Gun Ballistic Gun Light Assault Rifle Special Melee Weapon Datajack Build | -11 -10 -10 ------- Run | Scr Mat Min Slots Evolved . | . . . Power . | . . . Propulsion . | . . . Utility . | . . . Weapon . | . . . Parts Attached 27 | 8 14 5 Power 6 | 1 3 2 Engine 4 | 1 2 1 Core 2 | . 1 1 Reactor . | . . . Propulsion 6 | 3 1 2 Treads 2 | 1 . 1 Leg . | . . . Wheel 4 | 2 1 1 Hover . | . . . Flight . | . . . Utility 6 | 2 4 . Device . | . . . Storage 6 | 2 4 . Processor . | . . . Hackware . | . . . Protection . | . . . Artifact . | . . . Weapon 9 | 2 6 1 Energy Gun 6 | . 5 1 Energy Cannon . | . . . Ballistic Gun 2 | 2 . . Ballistic Cannon . | . . . Launcher . | . . . Special Weapon . | . . . Impact Weapon . | . . . Slashing Weapon . | . . . Piercing Weapon . | . . . Special Melee Weapon 1 | . 1 . Unidentified Prototypes . | . . . Parts Lost 8 | . 1 7 Power 3 | . 1 2 Propulsion 2 | . . 2 Utility . | . . . Weapon 3 | . . 3 Highest Loss Streak 6 | . 1 6 Average Slot Usage (%) 98 | . 99 97 Engine 10 | . 12 8 Core 2 | . 1 5 Treads 13 | . 14 13 Wheel 14 | . 14 14 Storage 28 | . 28 28 Energy Gun 13 | . 7 26 Ballistic Gun 13 | . 19 . Naked Turns . | . . . Heaviest Build 43 | 13 43 43 Greatest Support 20 | 16 20 20 Greatest Overweight (x) 3 | 2 3 2 Average Overweight (x) 1 | . 1 1 Largest Inventory Capacity 16 | 8 16 16 Average Capacity 14 | 6 14 16 Most Carried 16 | 6 16 16 Average Carried 13 | 2 14 15 Final Capacity 16 | 8 16 16 Final Carried 16 | 6 16 13 Class Distribution -------------------- 100% | Mutant Dominant Class ---------------- Mutant | -10/Materials Mutant | -10/Mines Resources | -11 -10 -10 ----------- Run | Scr Mat Min Matter Collected 863 | 286 512 65 Remotely . | . . . Salvage Created 802 | 79 452 271 Parts 67 | 2 40 25 Haulers Intercepted 1 | . 1 . Recyclers Shooed . | . . . Parts Field Recycled . | . . . Retrieved Matter . | . . . Parts Self-Destructed . | . . . Prevented . | . . . Kills | -11 -10 -10 ------- Run | Scr Mat Min Combat Hostiles Destroyed 24 | . 12 12 Guns 22 | . 12 10 AOE 2 | . . 2 Classes Destroyed 7 | 1 5 1 Hauler 1 | . 1 . Recycler 1 | 1 . . Operator 1 | . 1 . Watcher 3 | . 3 . Swarmer 15 | . 6 9 Grunt 8 | . 6 2 Assembled 1 | . . 1 Best Kill Streak 6 | 1 6 3 Combat Bots Only 6 | . 6 3 Max Kills in Single Turn 2 | 1 1 2 Gunslinging 1 | . . 1 Exploded 1 | . . 1 Melee . | . . . Uniques/NPCs Destroyed . | . . . Combat | -11 -10 -10 -------- Run | Scr Mat Min Damage Taken 1017 | . 364 653 Core 265 | . 112 153 Absorbed by Shields . | . . . Core Remaining (%) 100 | 100 . . Volleys Fired 92 | 3 66 23 Largest 2 | 2 2 2 Hottest 110 | 40 70 110 Shots Fired 179 | 6 132 41 Gun 179 | 6 132 41 Cannon . | . . . Launcher . | . . . Special . | . . . Kinetic 128 | 6 122 . Thermal 12 | . 10 2 Explosive . | . . . Electromagnetic 39 | . . 39 Robot Hit Streak 11 | 2 11 9 Robot Miss Streak 6 | 1 6 4 Penetration Max . | . . . Secondary Targets 4 | . 2 2 Max Gunslinging Chain 1 | . 1 1 Shots Hit Robots 108 | 3 84 21 Core Hits 54 | 2 38 14 Critical Hits . | . . . Critical Kills . | . . . Critical Parts Destroyed . | . . . Melee Attacks 2 | . 2 . Impact . | . . . Slashing . | . . . Piercing . | . . . Sneak Attacks 2 | . 2 . Combat Hostiles . | . . . Follow-up Attacks . | . . . Damage Inflicted 1100 | 25 663 412 Guns 1030 | 25 663 342 Cannons . | . . . Explosions 70 | . . 70 Melee . | . . . Ramming . | . . . Kinetic 598 | 25 573 . Thermal 188 | . 90 98 Explosive . | . . . Electromagnetic 314 | . . 314 Impact . | . . . Slashing . | . . . Piercing . | . . . Highest Corruption . | . . . Average Corruption . | . . . Corruption Purged . | . . . Overload Shots . | . . . Overflow Damage 5 | . . 5 Projectiles . | . . . Explosions 5 | . . 5 Melee . | . . . Knockbacks . | . . . Impact . | . . . Kinetic . | . . . Secondary . | . . . Self-Inflicted Damage 42 | . . 42 Shots 2 | . . 2 Rammed . | . . . Targets Rammed . | . . . Kicked . | . . . Crushed . | . . . Highest Temperature 162 | . 70 162 Average Temperature 42 | . 13 72 Received Heat Transfer 177 | . 93 84 Siege Activations . | . . . Robots Corrupted . | . . . Combat Hostiles . | . . . Parts Fried . | . . . Impact Corruptions . | . . . Robots Melted . | . . . Combat Hostiles . | . . . Parts Melted 1 | . 1 . Heat Transferred 433 | . 259 174 Parts Sabotaged . | . . . Parts Stolen . | . . . Parts Stripped . | . . . Power Chain Reactions 2 | . . 2 Missiles Intercepted . | . . . Alert | -11 -10 -10 ------- Run | Scr Mat Min Peak Influence 330 | 5 330 299 Initial 28 | . 3 28 Average 124 | 2 121 151 Maximum Alert Level 1 | . 1 1 Low Security (%) 83 | 100 84 79 Level 1 16 | . 15 20 Level 2 . | . . . Level 3 . | . . . Level 4 . | . . . Level 5 . | . . . High Security . | . . . Max Security . | . . . Squads Dispatched 3 | . 3 . Investigation 1 | . 1 . Extermination . | . . . Reinforcement 2 | . 2 . Assault . | . . . Garrison . | . . . Intercept . | . . . Construction Impeded . | . . . Haulers Reinforced . | . . . Stealth | -11 -10 -10 --------- Run | Scr Mat Min Distress Signals 2 | . 2 . Communications Jammed . | . . . Distress Signals . | . . . Times Spotted 42 | . 22 20 Peak Tracking Total 8 | . 5 8 Tactical Retreats 2 | . 1 1 Traps | -11 -10 -10 ------- Run | Scr Mat Min Traps Triggered 1 | . 1 . Indirectly . | . . . Trap Hack Attempts 7 | . 7 . Triggered . | . . . Disarmed 1 | . 1 . Reprogrammed . | . . . Reused . | . . . Traps Extracted . | . . . Installed . | . . . Triggered . | . . . Machines | -11 -10 -10 ---------- Run | Scr Mat Min Machines Disabled 1 | . . 1 Max in Single Turn 1 | . . 1 Machines Sabotaged . | . . . Garrisons Compromised . | . . . Overloaded Fab Kills . | . . . Fab Network Shutdowns . | . . . Hacking | -11 -10 -10 --------- Run | Scr Mat Min Machines Accessed 7 | . 6 1 Terminals 5 | . 4 1 Fabricators . | . . . Repair Stations . | . . . Recycling Units 2 | . 2 . Scanalyzers . | . . . Garrison Access . | . . . Total Hacks 20 | . 17 3 Successful 9 | . 7 2 Failed 11 | . 10 1 Catastrophic . | . . . Database Lockouts . | . . . Manual 15 | . 12 3 Terminals 16 | . 13 3 Fabricators . | . . . Repair Stations . | . . . Recycling Units 4 | . 4 . Scanalyzers . | . . . Garrison Access . | . . . Terminal Hacks 2 | . 1 1 Robot Analysis 1 | . . 1 Locate Traps 1 | . 1 . Fabricator Hacks . | . . . Repair Station Hacks . | . . . Recycling Unit Hacks 1 | . 1 . Report Inventory 1 | . 1 . Scanalyzer . | . . . Garrison Access Hacks . | . . . Unauthorized Hacks 6 | . 5 1 Terminals 5 | . 4 1 Botnet 5 | . 4 1 Fabricators . | . . . Repair Stations . | . . . Recycling Units 1 | . 1 . Reject 1 | . 1 . Scanalyzers . | . . . Garrison Access . | . . . Data Cores Recovered . | . . . Used . | . . . Hacking Detections 7 | . 6 1 Full Trace Events . | . . . Feedback Events . | . . . Feedback Blocked . | . . . Robot Schematics Acquired . | . . . Robots Built . | . . . Matter . | . . . Time . | . . . Total Robot Build Rating . | . . . Part Schematics Acquired . | . . . Parts Built . | . . . Matter . | . . . Time . | . . . Total Part Build Rating . | . . . Parts Repaired . | . . . Time . | . . . Parts Recycled . | . . . Recycled Matter . | . . . Retrieved Matter . | . . . Retrieved Components . | . . . Parts Scanalyzed . | . . . Part Schematics Acquired . | . . . Parts Damaged . | . . . Bothacking | -11 -10 -10 ------------ Run | Scr Mat Min Used RIF Installer . | . . . Robots Hacked 1 | . 1 . Non-combat 1 | . 1 . Combat . | . . . Robot Hacks Applied 2 | . 2 . parse_system 1 | . 1 . no_distress 1 | . 1 . Relay Couplers Released . | . . . Robots Rewired . | . . . Allies Hacked . | . . . Hacks Repelled . | . . . Allies | -11 -10 -10 -------- Run | Scr Mat Min Total Allies . | . . . Largest Group . | . . . Highest-Rated Group . | . . . Highest-Rated Ally . | . . . Total Orders . | . . . Ally Attacks . | . . . Total Damage . | . . . Kills . | . . . Allies Corrupted . | . . . Allies Melted . | . . . Intel | -11 -10 -10 ------- Run | Scr Mat Min Robot Analysis Total 1 | . . 1 Derelict Logs Recovered 2 | . . 2 Drone Launches . | . . . Drone Recoveries . | . . . Exploration | -11 -10 -10 ------------- Run | Scr Mat Min Turns Passed 1818 | 97 1168 553 Spaces Moved 1240 | 82 811 347 Core 8 | 8 . . Treads 50 | . 7 43 Legs . | . . . Wheels 1182 | 74 804 304 Hover . | . . . Flight . | . . . Fastest Speed 50 | 50 90 110 Average Speed 115 | 87 112 129 Slowest Speed 200 | 150 180 200 Overloaded Moves . | . . . Propulsion Burnouts . | . . . Robots Hopped . | . . . Cave-ins Triggered . | . . . Exploration Rate (%) 52 | 4 100 54 Regions Visited 2 Branch Regions 1 Pre-discovered Areas . | . . . Known Exits Taken . | . . . Unknown Exits Taken 2 | 1 1 . Scrap Searched 3 | . . 3 Spaces Dug . | . . . Terrain Destroyed 11 | . . 11 Melee . | . . . Projectile . | . . . AOE 11 | . . 11 Terrain Rammed . | . . . Walls Destroyed . | . . . Machines Disabled . | . . . Actions | -11 -10 -10 --------- Run | Scr Mat Min Total 1473 | 98 963 412 Wait 57 | . 25 32 Move 1238 | 81 810 347 Hop . | . . . Pick Up 27 | 6 19 2 Fast Attach 13 | 7 4 2 Attach 5 | . 2 3 Detach 2 | . 2 . Swap 9 | 1 8 . Drop 21 | . 18 3 Fire 92 | 3 66 23 Melee 2 | . 2 . Ram . | . . . Kick . | . . . Crush . | . . . Escape Stasis . | . . . Rewire . | . . . Trap 7 | . 7 . Miscellaneous . | . . . Route ------- -11/Scrapyard -10/Materials (discovered 5 exits: [*Mat x3] / *Min x2) -10/Mines (discovered 2 exits: [*Mat x2]) History --------- Turn | Location | Event 15 | -11/Scrapyard | Discovered new exit (range 15) 98 | -11/Scrapyard | Entered Materials 311 | -10/Materials | Build established: Mutant 413 | -10/Materials | Discovered new exit (range 16) 540 | -10/Materials | Discovered new exit (range 16) 807 | -10/Materials | Discovered new exit (range 10) 1059 | -10/Materials | Discovered new exit (range 16) 1151 | -10/Materials | Discovered new exit (range 16) 1266 | -10/Materials | Entered Mines 1271 | -10/Mines | Core integrity fell below 50% 1322 | -10/Mines | Discovered new exit (range 6) 1358 | -10/Mines | Learned Materials trap positions 1377 | -10/Mines | Discovered new exit (range 5) 1519 | -10/Mines | Learned Materials terminal intel 1755 | -10/Mines | Assembled infested the area 1786 | -10/Mines | Core integrity fell below 20% 1819 | -10/Mines | Destroyed by D-53 Grenadier with Mini Grenade Launcher Last Messages --------------- 01635_ U-05 Engineer builds a Wall. 01724_ Searching scrap... 01724_ Found Mining Claw. 01724_ Found 21 Matter. 01728_ Dropped Lgt. Cannon. 01729_ Acquired Mining Claw. 01755_ ALERT: Infestation in the mines, dispatching Demolisher response squad. 01782_ Lgt. Nuclear Core destroyed. 01789_ as-46298 destroyed. 01789_ Switching to secondary target: as-09245. 01792_ Com. Wheel destroyed. 01796_ C-30 ARC bursts open, deploying its payload. 01796_ D-53 Grenadier unfolds itself. 01798_ Lgt. Treads destroyed. 01798_ as-53641 destroyed. 01798_ Particle Gun destroyed. 01798_ Hvy. EM Pulse Gun destroyed. 01802_ as-09245 destroyed. 01802_ Ion Engine destroyed. Map ----- +----------------------------------------------------+ | ?????????????????????????????????????????????????? | | ########?????????????????????????????????????????? | | #?????????????????????????????????????????? | | #?????????????????????????????????????????? | | #?????????????????????????????????????????? | | ## ##?????????????????????????????????????????? | | #######?????###??????????????????????????????????? | | ##?????????? #??????????????????????????????????? | | ##?????????# #??????????????????????????????????? | | ####??????# #??????????????????????????????????? | | ##?????# #??????????????????????????????????? | | #?????# #??????????????????????????????????? | | #??#### ####???????????????????????????????? | | ##### # ######## ##?????????????????????? | | ## ### ] % % #?????????????????????# | | #### % % ######## #?????????????????????# | | #??# ???????????????????????????????# | | ???##### ###?????????????????????????????# | | ???????##### #????????????????????????????## | | ???????????# #?????????????????????????????# | | ######??????## ##??#####??????????????????????# | | #???????### #??## #####??????????????????## | | """ #?????????# #??# ### #?????????????### | | """ #?????????# #??# #?????????????# | | "" #?????????# #### #?????????????????# # | | [* #?????????# d @ #??????????????????# # | | [% ??????????####### ##????????????#??#### # | | % #????????????????## ##????####??? #??# # | | #*##########???????## #???## ##?? #??# #### | | #= #???????# k #???# #?? #??# ## | | # ######## #???????# ##??## #?? #??# ## # | | # ####???# #???????## ###??## #??? #??# ## # | | #=#% ##??# #????????### #????# #???? #??# ## # | | ! % ##?# #####??????# #????# ##??? #??# ## # | | = [ ### #??????# #????## #### #??# ## | | * ##### #?###### #?????## ## #??# #### | | ##?# #?# #??????## #??# #??? | | """ ### #?# #??????## ##### #### | | """ ### #########??## | | ## """ #?## #### | | ?## #=##### ####### | | ??## ##!#### ##?????# | | ???##### ###%% #??????## | | ???????## ##?####### ## #???????## | | ????????# ##????????######### #????????? | | ????????#####?????????????????#### #????????? | | ?????????????????????????????????## ##????????? | | ??????????????????????????????????######?????????? | | ?????????????????????????????????????????????????? | | ?????????????????????????????????????????????????? | +----------------------------------------------------+ Best States ------------- Heat Dissipation 25 Energy Generation 14 Energy Capacity 250 Matter Stores 300 Matter Capacity 300 Sight Range 16 Terrain Scan Density 10 Evasion (%) 44 Recoil Reduction 1 Item Schematics ----------------- None Robot Schematics ------------------ None Fabricated ------------ Nothing Alien Tech Used ----------------- None Achievements -------------- None Challenges ------------ None Game ------ Seed TerrabombShadingSegregator Manual? 0 Play Time 00:25:08 Cumulative 196.0 hours Start 2020.09.16 @ 05:02:49 End 2020.09.16 @ 05:30:49 Sessions 1 Manual Loads 0 Difficulty Rogue Special Mode None Game No. 70 Rogue 70 Adventurer 0 Explorer 0 Win Type - Total 2 Types 1/0/1/0/0/0/0/0/0 Lore% 65 Gallery% 76 Achievement% 67 Wizard Run 0 Options --------- ASCII 1 Keyboard 1 Movement Numpad Keybinds 0 Fullscreen 1 Font 16/SmallcapsGlow Map View 75x55 Tactical HUD 1 Map Filters NONE Filters NONE Steam 1 RUN: b9372a6f-5e65-4ddd-849d-d14950cbf16f